 Dungeon Crawl Stone Soup version 0.23-a0-819-g6debee6 (webtiles) character file.

64 Blackhawk the Skirmisher (level 3, -3/29 HPs)
             Began as a Demonspawn Fighter on Jan 22, 2019.
             Killed by divine providence
             ... invoked by an orc priest
              (12 damage)
             ... on level 3 of the Dungeon.
             The game lasted 00:06:29 (1651 turns).

Blackhawk the Skirmisher (Demonspawn Fighter)       Turns: 1651, Time: 00:06:29

Health: -3/29      AC: 19    Str: 17    XL:     3   Next: 91%
Magic:  3/3        EV:  4    Int:  9    God:
Gold:   79         SH:  9    Dex: 12    Spells: 2/2 levels left

rFire    . . .     SeeInvis .   a - +0 war axe
rCold    . . .     Gourm    .   c - +0 shield
rNeg     . . .     Faith    .   m - +0 chain mail
rPois    .         Spirit   .   (no helmet)
rElec    .         Reflect  .   (no cloak)
rCorr    .         Harm     .   (no gloves)
MR       .....                  i - +0 pair of boots
Stlth    ..........             (no amulet)
HPRegen  0.09/turn              (no ring)
MPRegen  0.08/turn              (no ring)

@: sanguine armour
A: sanguine armour 2
a: no special abilities


You were on level 3 of the Dungeon.
You were not hungry.

You visited 1 branch of the dungeon, and saw 3 of its levels.

You collected 79 gold pieces.

Inventory:

Hand Weapons
 a - a +0 war axe (weapon)
Armour
 b - a +0 scale mail
 c - a +0 shield (worn)
 i - a +0 pair of boots (worn)
 m - a +0 chain mail (worn)
Wands
 q - a wand of scattershot (5)
Scrolls
 h - 2 scrolls of identify {unknown}
 j - a scroll of fear {unknown}
 k - a scroll of enchant armour {unknown}
 o - a scroll of remove curse {unknown}
Potions
 d - a potion of might
 e - 2 potions of resistance {unknown}
 l - a potion of mutation {unknown}
 n - a potion of flight {unknown}
 p - a potion of cancellation {unknown}
 r - a potion of degeneration {unknown}
Comestibles
 f - 4 rations
 g - 2 chunks of flesh


   Skills:
 + Level 3.6 Fighting
 + Level 2.4 Axes
 + Level 3.1 Armour
 + Level 3.2 Shields


You had 2 spell levels left.
You didn't know any spells.
Your spell library was empty.

Dungeon Overview and Level Annotations

Branches:
Dungeon (3/15)

Altars:


Innate Abilities, Weirdness & Mutations

When seriously injured, your bleeding wounds create thick armour. (AC +9)


Message History

a +0 leather armour; a +0 hand axe
There is a stone staircase leading down here.
You start resting.
HP restored.
You climb downwards.
There is a stone staircase leading up here.
The orc priest calls down the wrath of Beogh upon you.
Pain shoots through your body!
The orc priest mumbles some strange prayers to Beogh against you.
Pain shoots through your body!
Your blood congeals into armour.
Found a mace.
Things that are here:
a cursed -2 falchion; an orc skeleton You are too injured to fight recklessly!
You are too injured to fight recklessly!
You are too injured to fight recklessly!
You are too injured to fight recklessly!
The orc priest calls down the wrath of Beogh upon you.
Beogh smites you!
You die...

####### ..
.....# ...
.....###...
..........
#........#
#........#
########.......#
....?..<@).....#
......#.(...o..#
..... #..).....#
#### #........#
#..........
#.........)
#+#......#.
.......# ......#


You could see an orc priest.

Vanquished Creatures
  An adder (D:2)
  A worm (D:2)
  2 dart slugs (D:1)
  A leopard gecko (D:1)
  4 orcs
  2 giant cockroaches
  4 goblins
  7 hobgoblins
  4 jackals (D:2)
  A kobold (D:2)
  5 bats
  3 frilled lizards
  3 rats
38 creatures vanquished.

Notes
Turn   | Place    | Note
-------+----------+-------------------------------------------
     0 | D:1      | Blackhawk the Demonspawn Fighter began the quest for the
                  | Orb.
     0 | D:1      | Reached XP level 1. HP: 18/18 MP: 1/1
   246 | D:1      | Gained mutation: When seriously injured, your bleeding
                  | wounds create armour. (AC +9) [demonic ancestry]
   246 | D:1      | Reached XP level 2. HP: 24/24 MP: 2/2
   817 | D:2      | Gained mutation: When seriously injured, your bleeding
                  | wounds create thick armour. (AC +9) [demonic ancestry]
   817 | D:2      | Reached XP level 3. HP: 18/29 MP: 3/3
  1651 | D:3      | Killed from afar by an orc priest

Vault maps used:
D:1:      minmay_arrival_cross
D:3:      uniq_sigmund, uniq_ijyb, uniq_crazy_yiuf_cottage, uniq_natasha

Skill      XL: |  1  2 |
---------------+-------+-----
Axes           | 2 |  2.4
Armour         | 3 |  3.1
Shields        | 3 |  3.2
Fighting       | |  3.6

Action                   || total
-------------------------++-------
Melee: War axe           ||   161
  Eat: Chunk             ||     3
Armor: Scale mail        ||    49
       Chain mail        ||    76
Dodge: Dodged            ||    46
Block: Shield            ||   100

Table legend:
 A = Non-vault XP
 B = Vault XP
 C = Vault XP percentage of total XP
 D = Non-vault monster count
 E = Vault monster count
 F = Vault count percentage of total count
                 A         B        C        D         E       F
            +---------+---------+-------+---------+---------+-------
      Total |      92 |       0 |   0.0 |      38 |       0 |   0.0
            +---------+---------+-------+---------+---------+-------
        D:1 |      31 |       0 |   0.0 |      15 |       0 |   0.0
        D:2 |      52 |       0 |   0.0 |      18 |       0 |   0.0
        D:3 |       9 |       0 |   0.0 |       5 |       0 |   0.0
            +---------+---------+-------+---------+---------+-------
